 Dungeon Crawl Stone Soup version 0.27.0-1-g7a089689b8 (webtiles) character file.

Game seed: 9848129571865595924

23 SnakkuSnakku7 the Skirmisher (level 2, 28/28 HPs)
             Began as a Minotaur Monk on Aug 11, 2021.
             Got out of the dungeon alive.
             The game lasted 00:01:09 (424 turns).

SnakkuSnakku7 the Skirmisher (Minotaur Monk)         Turns: 424, Time: 00:01:09

Health: 28/28      AC:  2    Str: 15    XL:     2   Next: 72%
Magic:  1/1        EV: 12    Int:  7    God:
Gold:   15         SH:  0    Dex: 12    Spells: 1/1 levels left

rFire    . . .     SeeInvis .   a - +0 mace
rCold    + . .     Faith    .   (no shield)
rNeg     + . .     Spirit   .   b - +0 robe
rPois    .         Reflect  .   (helmet restricted)
rElec    .         Harm     .   (no cloak)
rCorr    .         Rampage  .   (no gloves)
Will     .....                  (no boots)
Stlth    ++........             (no amulet)
HPRegen  0.09/turn              g - ring of protection from cold
MPRegen  0.07/turn              h - ring of positive energy

@: no status effects
A: horns 2, retaliatory headbutt
a: no special abilities


You escaped.
You visited 1 branch of the dungeon, and saw 1 of its levels.

You collected 15 gold pieces.

Inventory:

Hand Weapons
 a - a +0 mace (weapon)
Armour
 b - a +0 robe (worn)
Jewellery
 g - a ring of protection from cold (left hand)
 h - a ring of positive energy (right hand)
Scrolls
 c - a scroll of identify {unknown}
 f - 2 scrolls of amnesia {unknown}
Potions
 d - a potion of attraction {unknown}
 e - a potion of mutation {unknown}


   Skills:
 + Level 4.3 Fighting
 + Level 4.3 Maces & Flails
 - Level 3.2 Dodging
 - Level 1.5 Stealth


You had one spell level left.
You didn't know any spells.
Your spell library contained the following spells:

 Spells                   Type           Power      Damage    Failure   Level
 Freeze                   Ice            0%         1d3       43%         1
 Frozen Ramparts          Ice            0%         1d2       80%         3
 Hailstorm                Conj/Ice       0%         3d3       99%         4


Dungeon Overview and Level Annotations

Branches:
Dungeon (1/15)

Altars:

Shops:
D:1 **?


Innate Abilities, Weirdness & Mutations

You have a pair of horns on your head.
You reflexively headbutt those who attack you in melee.


Message History

The hobgoblin shouts!
The bat barely misses you. The hobgoblin misses you.
You barely miss the hobgoblin. Your headbutt misses the hobgoblin.
The hobgoblin closely misses you. You furiously retaliate!
You headbutt the hobgoblin!
You kill the hobgoblin!
You are too injured to fight recklessly!
You closely miss the bat. The bat hits you but does no damage. x2
You are too injured to fight recklessly!
You are too injured to fight recklessly!
You are too injured to fight recklessly!
You closely miss the bat. The bat barely misses you. The bat hits you.
The bat hits you but does no damage. The bat closely misses you.
You furiously retaliate!
You headbutt the bat.
You see here a ring of protection from cold.
You barely miss the bat.
The bat is severely wounded.
The bat closely misses you. You furiously retaliate!
You headbutt the bat.
You kill the bat!
g - a ring of protection from cold (left hand)
Found a dagger.
You open the door.
Found a hand axe.
There is an open door here.
You now have 15 gold pieces (gained 2).
Found Xovvutzoch's General Store.
Found a scratched onyx ring.
Found Seukher's Assorted Antiques.
There is an entrance to Xovvutzoch's General Store here.
You can access your shopping list by pressing '$'.
h - a ring of positive energy
h - a ring of positive energy (right hand)
There is an entrance to Seukher's Assorted Antiques here.
You can access your shopping list by pressing '$'.
You see here a +0 dagger.
There is an open door here.
HP restored.
There is a staircase leading out of the dungeon here.
Are you sure you want to leave the Dungeon?
This will make you lose the game!
You have escaped!

##........### #...........##
#...####..#..# ######..##
##.##.## ##.......# #.##..##
#####.......§## ##......##
##.......§§≈≈..####..≈≈≈≈..#
##....).≈≈≈≈≈§......≈≈≈≈≈≈.#
##......§§≈§≈§..@>..≈≈≈≈≈≈.#
.'......§≈§§≈§......≈≈≈≈≈≈.#
.#.....§.≈≈≈§....#...≈≈≈≈..#
.###+###.......#.##.......##
................>##########
..##.........###.###...#########
.....####.##.###...............#
.....# #.##..#####..#..######.#
.....# #.##.∩)÷...#...#..####.#


There were no monsters in sight!

Vanquished Creatures
  2 endoplasms (D:1)
  3 goblins (D:1)
  5 hobgoblins (D:1)
  2 kobolds (D:1)
  A quokka (D:1)
  4 bats (D:1)
  2 frilled lizards (D:1)
  2 rats (D:1)
21 creatures vanquished.

Notes
Turn   | Place    | Note
-------+----------+-------------------------------------------
     0 | D:1      | SnakkuSnakku7 the Minotaur Monk began the quest for the
                  | Orb.
     0 | D:1      | Reached XP level 1. HP: 19/19 MP: 0/0
    10 | D:1      | Found Kuenanan's Magic Scroll Shoppe.
    31 | D:1      | Reached XP level 2. HP: 14/27 MP: 1/1
   369 | D:1      | Found Xovvutzoch's General Store.
   372 | D:1      | Found Seukher's Assorted Antiques.
   424 | D:$      | Got out of the dungeon alive.

Illustrated notes

Levels and vault maps discovered:
D:1:      dpeg_arrival_pits, layout_basic, serial_shops, shop,
          nicolae_shop_overgrown_old_shop, shop, hex_large

Skill      XL: |  1 |
---------------+----+-----
Fighting       | 4 |  4.3
Maces & Flails | 4 |  4.3
Dodging        | |  3.2
Stealth        | |  1.5

Action                   || total
-------------------------++-------
Melee: Mace              ||    42
       Headbutt          ||     8
Armor: Robe              ||    14
Dodge: Dodged            ||    39
